Map: World of Sleepers LE

Players

MaNa - Winner!

  • Race: Protoss Protoss
  • Spawn Location: 7:00

PappiJoe

  • Race: Protoss Protoss
  • Spawn Location: 1:00

VOD

Have the link to the VOD?

Description

Time

  • Played on: Sept. 6, 2019, 4:22 p.m.
  • Length: 6:37
Show
View Real Time Build Order
Export as new Build Order

MaNa Protoss - Winner!

Build Orders: Oracle Opening 

Get SALT Encoding   

  12  0:00  Probe  
  13  0:12  Probe  
  14  0:19  Pylon  
  14  0:24  Probe  
  15  0:33  Probe  
  15  0:39  Gateway  
  15  0:41  Probe  
  16  0:46  Assimilator  
  17  0:51  Probe  
  17  0:55  Assimilator  
  18  0:59  Probe  
  19  1:08  Gateway, Probe  
  19  1:17  Probe  
  21  1:27  Cybernetics Core  
  21  1:29  Probe  
  22  1:41  Pylon  
  22  1:42  Probe  
  23  1:59  Probe  
  24  2:03  Stalker  
  24  2:04  Sentry  
  24  2:06  Pylon  
  24  2:07  Warp Gate  
  28  2:25  Stargate  
  28  2:28  Probe  
  29  2:37  Pylon  
  28  2:45  Stalker x2  
  28  2:51  Pylon  
  32  2:52  Probe  
  33  2:59  Oracle  
  36  3:16  Probe  
  36  3:35  Nexus  
  36  3:36  Probe  
  37  3:44  Robotics Facility  
  38  3:58  Pylon  
  38  4:00  Stalker  
  39  4:14  Gateway  
  39  4:17  Stalker  
  39  4:18  Shield Battery  
  42  4:29  Stalker  
  43  4:42  Immortal  
  47  4:54  Probe  
  47  4:55  Probe  
  47  4:58  Sentry  
  47  4:59  Stalker  
  51  5:15  Stalker  
  51  5:17  Immortal  
  52  5:29  Probe  
  52  5:30  Probe  
  54  5:38  Adept x2  
  54  5:42  Probe  
  59  5:44  Probe  
  60  5:54  Probe  
  61  5:59  Pylon  
  61  6:08  Probe  
  62  6:15  Probe  
  62  6:18  Probe  
  59  6:23  Probe  
  64  6:30  Twilight Council  
  64  6:32  Forge  
Show
View Real Time Build Order
Export as new Build Order

PappiJoe Protoss 

Build Orders: Phoenix Opening 

Get SALT Encoding   

  12  0:00  Probe  
  13  0:13  Probe  
  14  0:17  Pylon  
  14  0:23  Probe  
  15  0:31  Probe  
  15  0:39  Gateway  
  15  0:40  Probe  
  16  0:46  Assimilator  
  17  0:51  Probe  
  17  0:55  Assimilator  
  18  1:03  Probe  
  19  1:13  Gateway  
  19  1:15  Probe  
  20  1:27  Cybernetics Core, Probe  
  21  1:39  Probe  
  22  1:40  Pylon  
  22  1:51  Probe  
  23  2:02  Gateway  
  23  2:04  Warp Gate, Adept x2  
  27  2:14  Gateway  
  27  2:23  Pylon  
  27  2:34  Stalker  
  27  2:36  Stalker  
  30  2:45  Shield Battery  
  30  3:00  Stargate  
  30  3:04  Stalker  
  32  3:09  Stalker  
  34  3:32  Pylon  
  34  3:43  Phoenix  
  34  3:50  Probe  
  37  3:59  Pylon  
  37  4:05  Nexus  
  37  4:08  Phoenix  
  39  4:17  Probe  
  40  4:26  Stalker x2  
  40  4:30  Probe  
  45  4:39  Pylon  
  43  4:49  Phoenix  
  43  5:08  Stalker x2  
  43  5:19  Probe x2  
  43  5:23  Robotics Facility  
  43  5:27  Probe x2  
  43  5:28  Shield Battery  
  35  5:33  Stalker  
  39  5:38  Probe  
  39  5:39  Stalker  
  42  5:47  Probe  
  43  5:50  Probe  
  44  5:59  Probe, Stalker  
  44  6:02  Stalker  
  45  6:12  Pylon  
  27  6:25  Stalker  
  27  6:26  Stalker  
Tags
 
Add a new tag
Caveats
  • Supply blocks, unpowered buildings, or Contaminate may cause inaccurate times.
  • Supply counts are checked every 10 seconds.